 Dungeon Crawl Stone Soup version 0.29.1-2-gbd0b4ee654 (webtiles) character file.

Game seed: 14165786064000432424

121637 Icepheonix32 the Tortoise (level 15, -18/187 HPs)
             Began as a Demigod Fighter on Nov 3, 2022.
             Demolished by a swamp dragon (20 damage)
             ... called by a spriggan druid
             ... on level 1 of the Swamp on Nov 4, 2022.
             The game lasted 00:59:13 (25565 turns).

Icepheonix32 the Tortoise (Demigod Fighter)        Turns: 25565, Time: 00:59:13

Health: -18/187    AC: 46    Str: 37    XL:     15   Next: 85%
Magic:  0/27       EV:  9    Int: 17    God:
Gold:   494        SH:  8    Dex: 13    Spells: 14/14 levels left

rFire   . . .      SeeInvis +   E - +10 whip "Haistry" {spect, Will+ Int+4 Dex-3}
rCold   . . .      Faith    .   c - +2 buckler {rN+}
rNeg    + . .      Spirit   +   m - +11 crystal plate armour of Narcissism {Regen+ Int+3 Dex+3 SInv}
rPois   .          Reflect  .   (helmet restricted)
rElec   .          Harm     .   (no cloak)
rCorr   .          Rampage  .   Y - +0 pair of gloves {infuse}
Will    ++...                   t - +2 pair of boots
Stlth   ..........              h - amulet of guardian spirit
HPRegen 1.21/turn               J - ring of magical power
MPRegen 0.20/turn               K - +4 ring of protection

@: berserking, studying 2 skills, quick
A: high MP 1, forlorn, divine attributes, hooves 1, horns 1, sturdy frame 1
a: no special abilities


You were on level 1 of the Swamp.
You visited 5 branches of the dungeon, and saw 24 of its levels.
You also visited: Sewer.

You collected 2540 gold pieces.
You spent 2046 gold pieces at shops.

Inventory:

Hand Weapons
 a - a +1 long sword
 q - a +0 mace of venom
 y - a +2 halberd of venom
 E - the +10 whip "Haistry" (weapon) {spect, Will+ Int+4 Dex-3}
   (You found it on level 5 of the Dungeon)

   When its wielder attacks, the weapon's spirit leaps out and strikes again.
   The spirit shares a part of any damage it takes with its wielder.
   Int:       It affects your intelligence (+4).
   Dex:       It affects your dexterity (-3).
   Will:      It increases your willpower.
Missiles
 n - 14 boomerangs (quivered)
 A - 3 throwing nets
Armour
 c - a +2 buckler of positive energy (worn)
 k - +0 fire dragon scales
 m - the +11 crystal plate armour of Narcissism (worn) {Regen+ Int+3 Dex+3 SInv}
   (You acquired it on level 4 of the Dungeon)

   Int:       It affects your intelligence (+3).
   Dex:       It affects your dexterity (+3).
   SInv:      It lets you see invisible.
   Regen:     It increases your rate of health regeneration.
 t - a +2 pair of boots (worn)
 U - an orb of light
 Y - a +0 pair of gloves of infusion (worn)
Jewellery
 b - an amulet of reflection
 e - a ring of flight
 f - a ring of resist corrosion
 h - an amulet of guardian spirit (around neck)
 J - a ring of magical power (left hand)
 K - a +4 ring of protection (right hand)
 M - a ring of ice
 Q - a +6 ring of dexterity
Wands
 d - a wand of flame (12)
 l - a wand of light (4)
 z - a wand of iceblast (15)
 O - a wand of charming (10)
 P - a wand of polymorph (13)
 X - a wand of digging (9)
Scrolls
 i - 4 scrolls of enchant weapon
 C - a scroll of silence
 D - 2 scrolls of amnesia
 G - 3 scrolls of magic mapping
 N - 2 scrolls of brand weapon
 R - a scroll of teleportation
 S - a scroll of fear
 T - a scroll of summoning
 W - 6 scrolls of identify
 Z - 2 scrolls of torment
Potions
 g - 10 potions of flight
 j - 4 potions of resistance
 o - a potion of haste
 p - 11 potions of heal wounds
 r - 4 potions of attraction
 s - 2 potions of magic
 u - 2 potions of might
 v - 10 potions of curing
 w - 2 potions of berserk rage
 x - 4 potions of cancellation
 B - 4 potions of brilliance
 F - 4 potions of ambrosia
 L - 3 potions of lignification
Miscellaneous
 H - a phial of floods
 I - a tin of tremorstones (2/2)
 V - a condenser vane


   Skills:
 + Level 9.4 Fighting
 - Level 4.7 Long Blades
 + Level 12.4 Maces & Flails
 * Level 18.6 Armour
 + Level 1.5 Dodging
 + Level 5.4 Stealth
 + Level 10.4 Shields
 + Level 1.0 Conjurations
 * Level 9.2 Evocations


You had 14 spell levels left.
You didn't know any spells.
Your spell library contained the following spells:

 Spells                   Type           Power      Damage    Failure   Level
 Foxfire                  Conj/Fire      4%         2x1d4     77%         1
 Beastly Appendage        Tmut           0%         N/A       83%         1
 Necrotise                Necr           0%         1d4       83%         1
 Ensorcelled Hibernation  Hex/Ice        0%         N/A       92%         2
 Passwall                 Tmut/Erth      0%         N/A       92%         2
 Wereblood                Tmut           0%         N/A       92%         2
 Spider Form              Tmut/Pois      0%         N/A       99%         3
 Swiftness                Air            0%         N/A       99%         3
 Vampiric Draining        Necr           0%         2d6       99%         3
 Animate Dead             Necr           0%         N/A       100%        4
 Corpse Rot               Necr/Pois/Air  0%         N/A       100%        4
 Dispel Undead            Necr           0%         3d6       100%        4
 Flame Wave               Conj/Fire      1%         2d4       100%        4
 Hailstorm                Conj/Ice       1%         3d3       100%        4
 Ice Form                 Ice/Tmut       0%         N/A       100%        4
 Sticky Flame             Conj/Fire      1%         2d3       100%        4
 Agony                    Necr           0%         N/A       100%        5
 Alistair's Intoxication  Tmut/Pois      0%         N/A       100%        5
 Blade Hands              Tmut           0%         N/A       100%        5
 Irradiate                Conj/Tmut      0%         3d11      100%        5
 Death Channel            Necr           0%         N/A       100%        6
 Simulacrum               Ice/Necr       0%         N/A       100%        6
 Dragon Form              Tmut           0%         N/A       100%        7
 Haunt                    Necr/Summ      0%         N/A       100%        7
 Infestation              Necr           0%         N/A       100%        8


Dungeon Overview and Level Annotations

Branches:
Dungeon (15/15)            Temple (0/1) D:4            Lair (5/5) D:11
  Swamp (1/4) Lair:2        Snake (0/4) Lair:3        Slime (0/5) Lair:4
    Orc (2/2) D:9             Elf (0/3) Orc:2        Vaults (0/5) D:14
 Depths (1/4) D:15          Sewer (visited)

Shops:
D:2 :   D:4 =   D:6 [   D:14 *   Orc:2 :(*[(

Portals:
Hell: Depths:1
Abyss: Depths:1

Annotations:
Depths:1 Asterion


Innate Abilities, Weirdness & Mutations

You have an increased reservoir of magic. (+10% MP)
You shall have no god before yourself.
Your divine heritage dramatically boosts your attributes as you level up.
You have large cloven feet.
You have a pair of small horns on your head.
Your movements are slightly less encumbered by armour. (ER -2)


Message History

Unknown command.
You whack the bunyip!
The bunyip is moderately wounded.
You block the alligator's attack.
The alligator tail-slaps you but does no damage.
The seven-headed hydra bites you but does no damage. x4
The seven-headed hydra bites you!!
* * * LOW HITPOINT WARNING * * *
The seven-headed hydra bites you but does no damage.
The seven-headed hydra barely misses you.
The swamp worm bites you but does no damage.
The swamp worm fires a harpoon shot at you.
The harpoon shot hits you but does no damage.
Your unstable footing causes you to fumble your attack.
The swamp dragon bites you!
* * * LOW HITPOINT WARNING * * *
You block the swamp dragon's attack.
The swamp dragon tramples you but does no damage.
Unknown command.
Your unstable footing causes you to fumble your attack.
The alligator bites you.
* * * LOW HITPOINT WARNING * * *
You block the alligator's attack.
Unknown command.
You barely miss the bunyip.
The bunyip is moderately wounded.
The swamp worm bites you!
* * * LOW HITPOINT WARNING * * *
You block the seven-headed hydra's attack. x3
The seven-headed hydra bites you.
* * * LOW HITPOINT WARNING * * *
You block the seven-headed hydra's attack.
The seven-headed hydra bites you but does no damage. x2
The bog body touches you but does no damage.
You whack the swamp dragon!
The swamp dragon is lightly wounded.
The alligator misses you.
The alligator tail-slaps you but does no damage.
The swamp dragon bites you!!
You die...

♣.~♣ ♣♣♣♣♣♣♣>..~~♣.~~~~~
...§♣♣♣♣~.♣♣~......D~~~~~
~~.~~...~.~♣~~.....~~~~~~
.~§.~.♣ ♣~....♣...♣♣... .
....♣♣♣..~[.~~.♣♣♣♣.. ~~§
♣~.♣♣~).~~.♣...♣ ♣♣~
~~~~♣~.....~§......♣ ♣♣
♣.~....ntD~~§~~~~~.~♣ ♣.
♣~~♣..~w@Dx~~§~~~~.♣♣ ♣~~
§....~~§wx~~~~~~~~.~♣ ♣~~
.~~~~~~.~~~~~~~~..♣♣♣~..~
~~~~~~~.~~~~~~~~.♣♣ ...~
~~~~~~§~.~~~~~~.♣♣ ....
~.[.~~§~..~~~§~.♣ ...
...~~~...~~~~.♣♣ ...
^.~~~~...~~~~..


You could see 2 bunyips, an alligator (strong), a seven-headed hydra (strong), a
swamp dragon (strong), a bog body and 2 swamp worms.

Vanquished Creatures
  A lich (Depths:1)
  Gastronok (D:12)
  A juggernaut zombie (Depths:1)
  3 stone giants (Depths:1)
  A vampire knight (Depths:1)
  2 bunyips (Swamp:1)
  A dire elephant (Lair:5)
  4 ettins
  2 fire dragons (Depths:1)
  3 vault guards (D:14)
  A merfolk avatar (Lair:5)
  9 hydras
  A boulder beetle (D:14)
  5 ogre magi
  8 centaur warriors
  3 tengu warriors
  Erica (Lair:2)
  3 alligators (Swamp:1)
  13 two-headed ogres
  An orc high priest (Orc:2)
  A spriggan berserker (Depths:1)
  6 hell knights (Depths:1)
  2 goliath frogs (Swamp:1)
  2 spriggan druids (Swamp:1)
  2 bog bodies (Swamp:1)
  A tengu zombie (Depths:1)
  2 deep elf zephyrmancers (D:15)
  A wizard (Depths:1)
  A golden dragon skeleton (Depths:1)
  3 necromancers
  An orc knight (Orc:1)
  4 deep elf pyromancers
  7 ugly things
  A harpy (Lair:5)
  A salamander (Depths:1)
  An orc sorcerer (Orc:1)
  2 will-o-the-wisps (Swamp:1)
  7 manticores
  4 cyclopes
  3 black mambas
  A naga mage (D:15)
  2 centaur zombies (D:15)
  18 elephants
  A black mamba (shapeshifter) (D:15)
  19 cane toads
  3 unseen horrors
  2 centaur skeletons (D:15)
  Psyche (D:8)
  An efreet (D:13)
  2 spriggan skeletons (Depths:1)
  3 tengu conjurers
  2 rime drakes (Lair:5)
  17 komodo dragons
  A freezing wraith (D:15)
  The ghost of safid the Shooter, an amateur MiHu (D:7)
  2 polar bears (Lair:5)
  8 trolls
  A wind drake (Lair:5)
  7 hornets
  A tarantella (shapeshifter) (D:15)
  A tyrant leech (Lair:2)
  30 blink frogs
  9 slime creatures
  8 dream sheep
  A snapping turtle (Lair:5)
  13 yaks
  11 spriggans
  Sigmund (D:2)
  A shadow (D:9)
  A wraith (D:9)
  6 wyverns
  2 humans (shapeshifter)
  The ghost of valliere the Poker, an amateur DgFi (D:4)
  2 basilisks
  7 humans (D:14)
  3 steam dragons
  2 vampire mosquitoes (D:11)
  4 nagas (Lair:3)
  15 water moccasins
  7 wargs
  2 acid dragons
  2 swamp worms
  Duvessa (D:7)
  24 orc warriors
  2 ice beasts (D:5)
  2 black bears
  24 ogres
  20 centaurs
  17 wolves
  3 kobold brigands
  2 phantoms (D:4)
  10 bullfrogs
  2 scorpions
  4 wights (D:7)
  Dowan (D:7)
  22 killer bees
  An electric eel (D:12)
  A howler monkey (D:13)
  5 hounds
  21 orc priests
  2 gnoll boudas
  4 jellies (Sewer)
  Natasha (thrice) (D:3)
  5 iguanas
  5 hell rats (Lair:3)
  23 orc wizards
  A boggart skeleton (D:15)
  18 gnolls
  10 adders
  5 river rats (Sewer)
  3 shadow imps
  2 white imps
  An ufetubus (D:4)
  6 worms
  3 dart slugs
  93 orcs
  11 endoplasms
  13 giant cockroaches
  16 hobgoblins
  2 jackals (D:1)
  27 kobolds
  5 quokkas
  13 ball pythons
  6 bats
  10 frilled lizards
  5 goblins
  7 rats
799 creatures vanquished.

Vanquished Creatures (others)
  A merfolk javelineer (Depths:1)
  A vault guard (D:14)
  A wizard (D:15)
  A water elemental (Depths:1)
  A human (D:14)
  A swamp drake (D:9)
  2 ogres (Orc:2)
  An orc (D:5)
  14 foxfires (Swamp:1)
  10 fungi
  50 plants
83 creatures vanquished.

Grand Total: 882 creatures vanquished

Notes
Turn   | Place    | Note
-------+----------+-------------------------------------------
     0 | D:1      | Icepheonix32 the Demigod Fighter began the quest for the
                  | Orb.
     0 | D:1      | Reached XP level 1. HP: 18/18 MP: 3/3
   120 | D:1      | Reached XP level 2. HP: 23/25 MP: 4/4
   826 | D:1      | Reached XP level 3. HP: 20/31 MP: 5/5
  1514 | D:2      | Found Ibbaepon's Book Emporium.
  1522 | D:2      | Reached skill level 3 in Armour
  1522 | D:2      | Reached skill level 1 in Conjurations
  1522 | D:2      | Reached XP level 4. HP: 36/38 MP: 6/6
  1895 | D:2      | Noticed Sigmund
  1921 | D:2      | Killed Sigmund
  1922 | D:2      | Reached skill level 1 in Dodging
  1922 | D:2      | Reached skill level 1 in Evocations
  1922 | D:2      | Reached XP level 5. HP: 35/45 MP: 3/7
  2914 | D:3      | Reached XP level 6. HP: 29/51 MP: 5/8
  3185 | D:3      | Noticed Natasha
  3199 | D:3      | Killed Natasha
  3409 | D:3      | Noticed Natasha
  3422 | D:3      | Killed Natasha
  3857 | D:3      | Noticed Natasha
  3871 | D:3      | Killed Natasha
  3982 | D:4      | Identified a scroll of acquirement
  3982 | D:4      | Acquired the +11 crystal plate armour of Narcissism {Regen+
                  | Int+3 Dex+3 SInv}
  4038 | D:4      | Reached skill level 4 in Armour
  4095 | D:4      | Found a glowing drain.
  4113 | D:4      | Found a staircase to the Ecumenical Temple.
  4135 | Sewer    | Entered a sewer
  4286 | Sewer    | Reached XP level 7. HP: 51/57 MP: 9/9
  4385 | Sewer    | Reached skill level 5 in Armour
  4967 | Sewer    | Reached skill level 12 in Armour
  4967 | Sewer    | Reached XP level 8. HP: 63/63 MP: 10/10
  5016 | D:4      | Found Kahaneq's Jewellery Emporium.
  5156 | D:4      | Found a transporter.
  5207 | D:4      | Found a transporter.
  5209 | D:4      | Noticed valliere's ghost (amateur DgFi)
  5692 | D:5      | Entered Level 5 of the Dungeon
  5761 | D:5      | Gained mutation: Armour fits poorly on your strangely
                  | shaped body. [potion of mutation]
  5761 | D:5      | Gained mutation: You are resistant to electric shocks.
                  | (rElec) [potion of mutation]
  5761 | D:5      | Gained mutation: You are agile. (Dex +4, Str/Int -1)
                  | [potion of mutation]
  5979 | D:5      | Noticed a +0 spear
  5979 | D:5      | Noticed a +0 short sword
  5979 | D:5      | Noticed a +0 dagger
  5979 | D:5      | Noticed a +0 short sword
  5979 | D:5      | Noticed a +0 dagger
  5980 | D:5      | Noticed a +0 spear
  5981 | D:5      | Noticed a +0 falchion
  5982 | D:5      | Noticed a +0 falchion
  6252 | D:5      | Identified the +10 whip "Haistry" {spect, Will+ Int+4
                  | Dex-3}
  6322 | D:6      | Reached XP level 9. HP: 71/71 MP: 11/11
  6468 | D:6      | Found Maulynis's Antique Armour Boutique.
  6480 | D:6      | Reached skill level 1 in Stealth
  6760 | D:6      | Reached skill level 1 in Maces & Flails
  6760 | D:6      | Reached skill level 13 in Armour
  7127 | D:7      | Noticed Duvessa
  7127 | D:7      | Noticed Dowan
  7131 | D:7      | Killed Dowan
  7133 | D:7      | Killed Duvessa
  7551 | D:7      | Found a runed translucent door.
  7551 | D:7      | Noticed safid's ghost (amateur MiHu)
  7609 | D:7      | Killed safid's ghost
  7645 | D:8      | Identified the +5 ring mail of Dogmatism {Harm Str+3 Int-4
                  | Stlth+}
  7666 | D:8      | Noticed a two-headed ogre
  7672 | D:8      | Killed a two-headed ogre
  7673 | D:8      | Reached XP level 10. HP: 77/80 MP: 13/13
  7767 | D:8      | Noticed Psyche
  7778 | D:8      | Killed Psyche
  8548 | D:9      | Found a staircase to the Orcish Mines.
  9285 | D:10     | Entered Level 10 of the Dungeon
 10078 | D:11     | Noticed a manticore
 10250 | D:11     | Noticed a cyan ugly thing
 10250 | D:11     | Noticed a sea snake
 10258 | D:11     | Killed a cyan ugly thing
 10259 | D:11     | Reached skill level 14 in Armour
 10379 | D:11     | Reached XP level 11. HP: 73/85 MP: 14/14
 10382 | D:11     | Reached skill level 5 in Maces & Flails
 10505 | D:11     | Found a staircase to the Lair.
 10610 | D:11     | Noticed a sea snake
 10613 | D:11     | Noticed a sea snake
 10798 | D:11     | Reached skill level 5 in Shields
 11027 | D:12     | Reached skill level 5 in Fighting
 11087 | D:12     | Noticed Gastronok
 11107 | D:12     | Killed Gastronok
 11684 | D:12     | Lost mutation: You are resistant to electric shocks.
                  | (rElec) [potion of mutation]
 11684 | D:12     | Lost mutation: Armour fits poorly on your strangely shaped
                  | body. [potion of mutation]
 11684 | D:12     | Lost mutation: You are agile. (Dex +4, Str/Int -1) [potion
                  | of mutation]
 11684 | D:12     | Gained mutation: Your spells are a little harder to cast,
                  | but a little more powerful. [potion of mutation]
 11684 | D:12     | Gained mutation: You occasionally lose the ability to read
                  | scrolls when taking damage. [potion of mutation]
 12101 | D:13     | Noticed a deep elf pyromancer
 12305 | Orc:1    | Entered Level 1 of the Orcish Mines
 12638 | Orc:2    | Entered Level 2 of the Orcish Mines
 12655 | Orc:2    | Noticed an orc knight
 12847 | Orc:1    | Reached skill level 15 in Armour
 12879 | Orc:1    | Reached XP level 12. HP: 89/95 MP: 15/15
 12921 | Orc:2    | Found Xyufiol's Self-Improvement Boutique.
 12940 | Orc:2    | Noticed a two-headed ogre
 12941 | Orc:2    | Noticed an ogre mage
 12941 | Orc:2    | Noticed a two-headed ogre
 12941 | Orc:2    | Noticed an ogre mage
 12949 | Orc:2    | Noticed an ogre mage
 12950 | Orc:2    | Noticed a two-headed ogre
 12952 | Orc:2    | Killed a two-headed ogre
 12954 | Orc:2    | Killed a two-headed ogre
 12956 | Orc:2    | Killed an ogre mage
 12956 | Orc:2    | Noticed a two-headed ogre
 12957 | Orc:2    | Noticed a two-headed ogre
 12963 | Orc:2    | Killed a two-headed ogre
 12966 | Orc:2    | Killed an ogre mage
 12969 | Orc:2    | Killed an ogre mage
 12971 | Orc:2    | Noticed an ogre mage
 12972 | Orc:2    | Killed a two-headed ogre
 12974 | Orc:2    | Killed a two-headed ogre
 12975 | Orc:2    | Noticed a two-headed ogre
 12990 | Orc:2    | Noticed a two-headed ogre
 12992 | Orc:2    | Noticed a two-headed ogre
 12995 | Orc:2    | Killed an ogre mage
 13002 | Orc:2    | Killed a two-headed ogre
 13003 | Orc:2    | Reached skill level 5 in Evocations
 13008 | Orc:2    | Killed a two-headed ogre
 13011 | Orc:2    | Noticed a two-headed ogre
 13012 | Orc:2    | Killed a two-headed ogre
 13030 | Orc:2    | Killed a two-headed ogre
 13052 | Orc:2    | Found Roiclov's Weapon Boutique.
 13052 | Orc:2    | Found Nomooraa's Assorted Antiques.
 13075 | Orc:2    | Found Hehoodaj's Antique Armour Emporium.
 13075 | Orc:2    | Found Roze Zoy's Antique Weapon Shop.
 13084 | Orc:2    | Bought a metallic silvery potion for 26 gold pieces
 13580 | Orc:2    | Noticed an ettin
 13581 | Orc:2    | Found a staircase to the Elven Halls.
 13591 | Orc:2    | Killed an ettin
 13829 | Orc:2    | Bought a manual of Shields for 1360 gold pieces
 13991 | D:4      | Bought a +4 ring of protection for 360 gold pieces
 14133 | D:4      | Killed valliere's ghost
 14134 | D:4      | Reached XP level 13. HP: 57/103 MP: 16/16
 14896 | D:13     | Lost mutation: Your spells are a little harder to cast, but
                  | a little more powerful. [potion of mutation]
 14896 | D:13     | Lost mutation: You occasionally lose the ability to read
                  | scrolls when taking damage. [potion of mutation]
 14896 | D:13     | Gained mutation: You have hidden genetic defects. [potion
                  | of mutation]
 14896 | D:13     | Gained mutation: You sometimes lose your temper in combat.
                  | [potion of mutation]
 15450 | D:14     | Reached skill level 16 in Armour
 15454 | D:14     | Gained mutation: You occasionally shout uncontrollably at
                  | your foes. [hidden defects]
 16198 | D:14     | Found Urusinku's Assorted Antiques.
 16293 | D:14     | Found a gate to the Vaults.
 16431 | D:15     | Entered Level 15 of the Dungeon
 16440 | D:15     | Gained mutation: You are frail. (-10% HP) [hidden defects]
 16440 | D:15     | Lost mutation: You have hidden genetic defects. [hidden
                  | defects expressed]
 16443 | D:15     | Reached skill level 10 in Maces & Flails
 16661 | D:15     | Identified the +2 robe of Lugonu's Whim {rC- rN+ Str+6}
 17139 | D:15     | Found a staircase to the Depths.
 17143 | D:15     | Reached XP level 14. HP: 101/101 MP: 17/17
 17298 | Lair:1   | Entered Level 1 of the Lair of Beasts
 17460 | Lair:1   | Got Rinketrul's Precepts of the Fetid Coals
 17981 | Lair:2   | Noticed Erica
 17990 | Lair:2   | Killed Erica
 18153 | D:14     | Bought a pair of glowing gloves for 300 gold pieces
 18889 | Lair:2   | Identified the +9 sling "Orb Guardian's Doom" {speed,
                  | Dex+4}
 18923 | Lair:2   | Reached skill level 17 in Armour
 18990 | Lair:2   | Found a staircase to the Swamp.
 20222 | Lair:3   | Found a staircase to the Snake Pit.
 20709 | Lair:4   | Lost mutation: You occasionally shout uncontrollably at
                  | your foes. [potion of mutation]
 20709 | Lair:4   | Lost mutation: You sometimes lose your temper in combat.
                  | [potion of mutation]
 20709 | Lair:4   | Lost mutation: You are frail. (-10% HP) [potion of
                  | mutation]
 20709 | Lair:4   | Gained mutation: Your movements are slightly less
                  | encumbered by armour. (ER -2) [potion of mutation]
 20709 | Lair:4   | Gained mutation: You have large cloven feet. [potion of
                  | mutation]
 20709 | Lair:4   | Gained mutation: You have a pair of small horns on your
                  | head. [potion of mutation]
 21018 | Lair:4   | Found a staircase to the Slime Pits.
 21769 | Lair:5   | Entered Level 5 of the Lair of Beasts
 22019 | Lair:5   | Reached XP level 15. HP: 102/121 MP: 16/18
 23538 | Depths:1 | Entered Level 1 of the Depths
 23548 | Depths:1 | Reached skill level 5 in Stealth
 23654 | Depths:1 | Reached skill level 18 in Armour
 24153 | Depths:1 | Reached skill level 10 in Shields
 24164 | Depths:1 | Found a one-way gate to the infinite horrors of the Abyss.
 24694 | Depths:1 | Noticed a lich
 24710 | Depths:1 | Killed a lich
 24876 | Depths:1 | Found a gateway to Hell.
 24883 | Depths:1 | Noticed Asterion
 25090 | Swamp:1  | Entered Level 1 of the Swamp
 25564 | Swamp:1  | HP: 5/187 [swamp worm (11)]
 25564 | Swamp:1  | HP: 2/187 [seven-headed hydra[a spriggan druid] (3)]
 25565 | Swamp:1  | Demolished by a swamp dragon

Illustrated notes

Levels and vault maps discovered:
D:1:      amcnicky_arrival_choice, layout_loops_ring, serial_bayou_pond_d
D:2:      layout_rooms, serial_shops, shop, hangedman_glass_teeth, uniq_sigmund
D:3:      layout_loops_ring, wad_rectangle_vault, uniq_natasha
D:4:      layout_loops_ring, minmay_temple_entry_trees,
          gammafunk_ghost_gnarly_gnolls, serial_shops, shop,
          cheibrodos_sewer_entry_drain
D:5:      layout_cave_pools, bloody_makhleb, nicolae_uskayaw_en_pointe,
          mainiacjoe_overflow_boulevard
D:6:      layout_loops_ring, serial_shops, nicolae_shop_crystal, serial_glass,
          glass_columns_a, glass_columns_b
D:7:      layout_rooms, gammafunk_ghost_grave, minivault_1, uniq_duvessa
D:8:      layout_loops_cross, mainiacjoe_overflow_alcove_2, led_sif_book,
          chequers_temple_overflow_statue_of_worship, lightli_minifort,
          uniq_psyche
D:9:      layout_basic, mainiacjoe_overflow_cross_hatched, erik_orc_1
D:10:     layout_cave_pods, serial_column_ruins, column_ruins_hut_pillars,
          column_ruins_square_small, column_ruins_open_small,
          column_ruins_grid_1, column_ruins_grid_1, column_ruins_open_tiny,
          column_ruins_open_tiny, chequers_decorated_corner
D:11:     layout_rooms, lair_entry_dummy, serial_aquarium,
          aquarium_bridge_straight [aquarium_subvault_bridge,
          aquarium_subvault_window, aquarium_subvault_bridge,
          aquarium_subvault_wall], aquarium_window_corridor_3,
          aquarium_window_1, aquarium_window_1, aquarium_view_2c,
          chequers_serial_rivers_micro_a, corexii_hall_statues_u
D:12:     layout_loops_ring, nooodl_orcs_dogs, uniq_gastronok
D:13:     layout_cave_pools, kennysheep_minor_cross
D:14:     layout_layer_cave, ximxim_vaults_locker_room, serial_shops,
          nicolae_shop_behind_doors, old_standard_altar,
          hangedman_abyss_or_decor_jellyfish_corner, hex_tiny
D:15:     grunt_enter_depths_magical_seal, layout_rooms, chequers_jeans
Lair:1:   layout_misc_corridors, serial_bayou_shore_b,
          infiniplex_staircase_pool, grunt_megastairs_3
Lair:2:   layout_gridlike, palyth_hydra_swamp_entry, uniq_erica
Lair:3:   layout_regular_city, minmay_snake_entry_guardpost_small, wad_woods_01,
          serial_bayou_shore_b, infiniplex_staircase_pool_2
Lair:4:   layout_gridlike, slime_entry_1
Lair:5:   gammafunk_lair_ancient_temple, layout_cave_shapes
Swamp:1:  gammafunk_mikee_crab_dinner, layout_basic_swamp,
          nicolae_swamp_trees_clearing
Orc:1:    layout_caves, serial_shops
Orc:2:    st_orc_ogre_mass, layout_diamond_mine, basic_altar,
          nicolae_shop_self_help
Depths:1: layout_cave_pools, fedhas_altar_2, pf_vacation_house_of_asmodeus,
          abyss_entry, st_stairs_5, kennysheep_underground_church,
          minmay_shop_grove, uniq_asterion

Skill      XL: |  1  2  3  4  5  6  7  8  9 10 11 12 13 14 15 |
---------------+----------------------------------------------+-----
Long Blades    | 2 3 4 |  4.7
Shields        | 3 4 5 6 8 9 10 | 10.4
Fighting       | 3 4 5 6 7 8 9 |  9.4
Armour         | 3 4 12 13 14 15 16 17 18 | 18.6
Conjurations   | 1 |  1.0
Dodging        | 1 |  1.5
Evocations     | 1 2 3 5 7 8 9 |  9.2
Stealth        | 1 2 3 4 5 |  5.4
Maces & Flails | 3 4 7 9 10 12 | 12.4

Action                   |  1- 3 |  4- 6 |  7- 9 | 10-12 | 13-15 || total
-------------------------+-------+-------+-------+-------+-------++-------
Melee: Long sword        |   131 |   280 |   277 |       |       ||   688
       Whip              |       |       |   113 |   643 |  1204 ||  1960
       Headbutt          |       |       |       |       |   144 ||   144
Throw: Throwing net      |       |     2 |       |       |       ||     2
       Boomerang         |       |       |     1 |     2 |     9 ||    12
Evoke: Wand              |       |    11 |     3 |    11 |    14 ||    39
       Tin of tremorston |       |       |       |     2 |       ||     2
  Use: Potion            |       |     5 |    10 |     5 |     5 ||    25
       Scroll            |       |     2 |    10 |    10 |     6 ||    28
 Stab: Held in net/web   |       |     2 |       |       |       ||     2
       Invisible         |       |     1 |     3 |     2 |       ||     6
       Distracted        |       |       |     2 |     7 |    21 ||    30
Armor: Scale mail        |    73 |   133 |    65 |       |       ||   271
       Crystal plate arm |       |       |   354 |   450 |   807 ||  1611
       Fire dragon scale |       |       |       |       |     5 ||     5
Dodge: Dodged            |    66 |   150 |   156 |   164 |   268 ||   804
Block: Buckler           |    24 |    71 |   129 |   157 |   238 ||   619
